Description

2 gate FE that delays the first 2 adepts by ~10 seconds in order to get an early nexus on 20.

Adepts still pop in time to defend a 2 gate adept or stalker timing due to enemy travel time. All 4 gateway units finish before warpgate (3:20).

transitions to a 3 gate prism timing attack for pressure. you attack with 4 adepts and 6 stalkers at 4:20, and should have minerals on both bases saturated for rapid reinforcement.

Add 2-3 more gateways to continue all-in, or add 2 more gas, tech, and take a 3rd.

Build Order

Get SALT Encoding   

  14  0:16  Pylon  
  15  0:34  Gateway  
  16  0:48  Assimilator  
  18  1:00  Gateway  
  20  1:24  Cybernetics Core  
  21  1:40  Nexus  
  22  1:50  Pylon  
  23  2:00  Warp Gate (Chrono Boost)  
  23  2:10  Adept x2  scout/harass
  28  2:20  Assimilator  
  30  2:30  Gateway, Robotics Facility  
  31  2:50  Adept x2  Nexus Completes, chrono probes
  40  3:20  Warp Prism (Chrono Boost)  
  45  3:35  Stalker x3  warp gate completes 3:25. move out with 4 adept 3 stalker 1 prism
  54  4:10  Stalker x3  warp in at prism and attack
  62  4:20  Assimilator x2  
  62  4:25  Twilight Council  
  64  4:40  Stalker x3  
  72  5:00  Nexus  
  74  5:20  Forge x2  
  76  5:30  Immortal  
  80  6:00  Gateway x5, Templar Archives  
Spawning Tool Build Advisor. Get it on Overwolf

Analysis

The opening will look very off-meta to most players.

I found myself dissatisfied with both 2 gate standard PvP due to later nexus, and 1 gate FE due to lack of early map presence. I stumbled upon a build that splits the difference between the two, and turns out to be very clean timings.

The idea is to cut probes at 20 and skip second gas for an early nexus just like a 1 gate FE. The worker count will be made up for by chronoboosting probes on the earlier nexus. However, you still get 2 gateways before cyber to allow early harass.

Compared to a 1 gate FE, you get earlier units - 4 adepts for early pressure and scouting. this will scare most scouting terran and zerg players as it looks like an aggressive posture with the 2 gates. Don't get too crazy and lose them all, though - just poke and threaten targets of opportunity.

Compared to a 2 gate standard PvP, you get a much earlier nexus which gives econ advantage and additional chronoboosts to spend on warpgate, probes, and tech.

Due to the reduction of warpgate time in 4.8.2, there's no need to hurry the first two gateway units, as you can fit 2 cycles before the chronoboosted warpgate no matter what. The 100 second warpgate research will finish in 80 seconds with 2 chronoboosts. In this time you can fit two 30-second gateway cycles with 20 seconds to spare - but not 3 unless you spend both chronos on the gateways themselves. This means you are 100% safe from standard 2 gate pressure. If the enemy chronos out 3 cycles of units, their warpgate research will be later than yours. If they chrono warpgate, they can only have 4 units before it completes, just like you. This means delaying the 4 adepts by 10 seconds is perfectly safe due to travel time.

The main risk of this build in PvP is against a 3 gate proxy robo all-in. You need to scout for this with your scouting probe after checking their base. If you suspect an all in, skip the warp prism and instead build 2 shield batteries, then chrono out an immortal. This can be a difficult hold, but if you survive the first wave of the attack you will quickly pull ahead due to higher income.

This build can be confusing for opponents as it looks like you are ping-ponging between aggressive and macro style, and indeed you can easily flex either way depending on the situation. They will see 2 gates, assume standard early aggression, then see nexus and pivot to punish, but with fast warpgate tech (done at 3:20) you will have high unit count at any standard early all-in timing. If they react by going heavy macro, the prism timing attack hits hard at an unexpected early window.

Go to:

Details

  • Created by: wren42
  • Published on: Jan 29, 2019
  • Modified on: Jan 31, 2019
  • Patch: 4.7.1
Show
View Real Time Build Order
Export as new Build Order

Comments (3)

On June 15, 2019, 10:03 p.m., wren42  said:

hi pashka - i haven't tried this in a few months I'd have to test if the timings still work.

On June 15, 2019, 1:56 p.m., PashkaTLT  said:

Here is my try:
https://drop.sc/replay/10908711
Even without scouting at all, the earliest nexus time is 1:50, not 1:40 as these timings say.

On June 15, 2019, 1:34 p.m., PashkaTLT  said:

Where is the replay? Can someone upload the replay? It seems impossible to achieve those timings to me.

Create an account to comment!